 Dungeon Crawl Stone Soup version 0.19.1 (webtiles) character file.

15241 Idleism the Grappler (level 11, -4/172 HPs)
             Began as a Troll Berserker on Dec 10, 2016.
             Was an Elder of Trog.
             Slain by an orc warrior
             ... wielding a +0 trident
              (10 damage)
             ... on level 12 of the Dungeon.
             The game lasted 00:30:26 (9618 turns).

Idleism the Grappler (Troll Berserker)              Turns: 9618, Time: 00:30:27

Health: -4/172     AC:  9    Str: 32    XL:     11   Next: 99%
Magic:  10/10      EV: 13    Int:  4    God:    Trog [****..]
Gold:   675        SH:  0    Dex: 11    Spells: 0 memorised, 10 levels left

rFire  . . .     SeeInvis .       - Unarmed
rCold  + . .     Gourm    +     A - +2 robe {rC+}
rNeg   . . .     Faith    +     (no shield)
rPois  +         Spirit   .     (helmet restricted)
rElec  .         Reflect  .     n - +1 cloak {rPois}
rCorr  +         Harm     .     (gloves unavailable)
MR     ++...                    (boots unavailable)
Stlth  ..........               l - amulet of faith
                                (no ring)
                                c - ring of resist corrosion

@: berserking, regenerating, very quick
A: unfitting armour, claws 3, fast metabolism 3, gourmand, regeneration 1,
shaggy fur 1, tough skin 2
a: Berserk, Trog's Hand, Brothers in Arms, Burn Spellbooks, Renounce Religion


You were on level 12 of the Dungeon.
You worshipped Trog.
Trog was greatly pleased with you.
You were very full.

You visited 2 branches of the dungeon, and saw 13 of its levels.

You collected 675 gold pieces.

Inventory:

Hand Weapons
 B - a +2 scimitar of flaming
Missiles
 E - 6 tomahawks (quivered)
Armour
 n - a +1 cloak of poison resistance (worn)
 A - a +2 robe of cold resistance (worn)
 J - a +0 troll leather armour
Jewellery
 c - a ring of resist corrosion (left claw)
 l - an amulet of faith (around neck)
 q - an uncursed ring of ice
 v - an uncursed ring of fire
Wands
 a - a wand of teleportation (4/9)
 e - a wand of disintegration (18/24)
 j - a wand of confusion (27/48)
 r - a wand of iceblast (5/15)
 G - a wand of random effects (15/48)
Scrolls
 f - 3 scrolls of enchant weapon
 k - 3 scrolls of blinking
 m - a scroll of summoning
 o - 2 scrolls of fear
 s - 5 scrolls of remove curse
 t - 5 scrolls of identify
 y - a scroll of fog
 D - 2 scrolls of teleportation
 I - a scroll of enchant armour {unknown}
Potions
 d - 3 potions of brilliance
 g - 3 potions of haste
 h - 2 potions of resistance
 x - 3 potions of curing
 z - 3 potions of cure mutation
 F - 2 potions of might
 H - a potion of ambrosia
 K - a potion of magic {unknown}
Comestibles
 b - 12 bread rations
 i - 4 meat rations
 p - a royal jelly
 u - 4 beef jerkies
 w - 5 fruits
 L - 2 chunks of flesh


   Skills:
 + Level 9.2 Fighting
 - Level 2.4 Armour
 - Level 7.1 Dodging
 - Level 14.0 Unarmed Combat


You had 10 spell levels left.
You didn't know any spells.

Dungeon Overview and Level Annotations

Branches:
Dungeon (12/15)            Temple (1/1) D:5            Lair (0/6) D:11
    Orc (0/2) D:9

Altars:
Ashenzari
Cheibriados
Dithmenos
Elyvilon
Fedhas
Gozag
Hepliaklqana
Kikubaaqudgha
Makhleb
Nemelex Xobeh
Okawaru
Qazlal
Ru
Sif Muna
Trog
Uskayaw
Vehumet
Xom
Yredelemnul
Zin
The Shining One

Shops:
D:4 *   D:6 :   D:11 (


Innate Abilities, Weirdness & Mutations

You are too large for most types of armour.
You have claws for hands.
Your metabolism is lightning-fast.
You like to eat raw meat.
Your natural rate of healing is unusually fast.
You are covered in fur. (AC +1)
You have very tough skin. (AC +2)


Message History

You hear a shout! x2
Items here: $ ( )) [[ ††† A red film seems to cover your vision as you go berserk!
You feel yourself moving faster!
You feel mighty!
You feel quite a bit less full.
The orc priest looks encouraged for a moment.
The orc warrior hits you with a trident!
* * * LOW HITPOINT WARNING * * *
The orc priest hits you but does no damage.
The orc hits you but does no damage.
You barely miss the orc priest. The orc priest misses you.
The orc warrior barely misses you.
You eviscerate the orc priest!!!
You kill the orc priest!
Trog accepts your kill.
You barely miss the orc warrior. The orc hits you with a trident.
* * * LOW HITPOINT WARNING * * *
You closely miss the orc warrior.
The orc warrior hits you with a trident!
You die...

#.....#....#.........#
#.....##..##.........#
##))..##..#(...#######
####....#...#....#
....)...#...#....#
........#...#....#
####....#...#....#
##....#####...o######
#.....# ####@#....#
#.....# #oo....#
#.....# #o#)...#
#.....# #(#....#
+###....#..ooo.)o######
..##....#...ooo#.#
........########.#
........# ..# ........#
..#


You could see an orc warrior, 2 orc priests and 2 orcs.

Vanquished Creatures
  Fannar (D:10)
  The ghost of kae the Grappler, a journeyman DrTm of Makhleb (D:11)
  Erica (D:8)
  Sonja (D:10)
  3 ugly things
  A cyclops (D:8)
  Joseph (D:7)
  A gargoyle (D:10)
  Psyche (D:10)
  A centaur skeleton (D:10)
  2 trolls (D:11)
  2 two-headed ogres
  A shadow (D:11)
  A wyvern (D:6)
  14 yaks
  A hungry ghost (D:12)
  A soldier ant (D:11)
  5 orc warriors
  4 sky beasts
  A black bear (D:10)
  3 ice beasts
  2 phantoms
  7 ogres
  A necrophage (D:10)
  9 centaurs
  2 crocodiles (D:7)
  3 big kobolds
  8 bullfrogs
  A wyvern zombie (D:11)
  2 scorpions
  5 killer bees (D:10)
  3 wights (D:8)
  A howler monkey (D:7)
  6 crimson imps
  2 quasits (D:11)
  3 bullfrog zombies
  3 hounds
  5 orc priests
  4 jellies
  A bullfrog skeleton (D:5)
  14 orc wizards
  2 iguanas
  9 worker ants
  3 hound skeletons
  A howler monkey zombie (D:6)
  A worker ant zombie (D:8)
  14 adders
  2 shadow imps
  4 oozes
  An adder skeleton (D:6)
  An adder zombie (D:10)
  2 worms (D:2)
  A dart slug (D:2)
  5 leopard geckos
  50 orcs
  4 giant cockroaches
  6 goblins
  6 hobgoblins
  28 jackals
  17 kobolds
  2 quokkas
  4 ball pythons
  6 bats
  6 frilled lizards
  5 rats
309 creatures vanquished.

Vanquished Creatures (collateral kills)
  A hydra (D:11)
  A cyclops (D:12)
  A bullfrog (D:12)
3 creatures vanquished.

Vanquished Creatures (others)
  An orc wizard (D:7)
1 creature vanquished.

Grand Total: 313 creatures vanquished

Notes
Turn   | Place    | Note
-------+----------+-------------------------------------------
     0 | D:1      | Idleism the Troll Berserker began the quest for the Orb.
     0 | D:1      | Reached XP level 1. HP: 22/22 MP: 0/0
   106 | D:1      | Reached XP level 2. HP: 28/29 MP: 1/1
   158 | D:1      | Reached skill level 4 in Unarmed Combat
   249 | D:1      | Reached ** piety under Trog
   278 | D:1      | Reached XP level 3. HP: 36/36 MP: 2/2
   870 | D:2      | Reached skill level 5 in Unarmed Combat
   870 | D:2      | Reached XP level 4. HP: 42/44 MP: 3/3
  1069 | D:2      | Found a sparkling altar of Nemelex Xobeh.
  1235 | D:2      | Found a glowing silver altar of Zin.
  1452 | D:3      | Reached XP level 5. HP: 50/50 MP: 4/4
  1682 | D:3      | Reached *** piety under Trog
  1938 | D:4      | Reached skill level 6 in Unarmed Combat
  2092 | D:4      | Noticed an ogre
  2105 | D:4      | Killed an ogre
  2105 | D:4      | Reached XP level 6. HP: 59/59 MP: 5/5
  2174 | D:4      | Reached skill level 7 in Unarmed Combat
  2201 | D:4      | Found Releaj's Assorted Antiques.
  2959 | D:5      | Entered Level 5 of the Dungeon
  3224 | D:5      | Reached skill level 8 in Unarmed Combat
  3224 | D:5      | Reached XP level 7. HP: 56/66 MP: 6/6
  3276 | D:5      | Found a staircase to the Ecumenical Temple.
  3348 | Temple   | Entered the Ecumenical Temple
  3646 | D:6      | Noticed a wyvern
  3651 | D:6      | Killed a wyvern
  3651 | D:6      | Reached skill level 9 in Unarmed Combat
  3676 | D:6      | Reached **** piety under Trog
  3817 | D:6      | Found Fosek's Book Shop.
  3826 | D:6      | Reached XP level 8. HP: 31/74 MP: 7/7
  3846 | D:6      | Reached skill level 10 in Unarmed Combat
  4164 | D:6      | Reached skill level 11 in Unarmed Combat
  4210 | D:6      | Found a basalt altar of Yredelemnul.
  4211 | D:6      | Found an iron altar of Okawaru.
  4454 | D:7      | Reached XP level 9. HP: 80/85 MP: 8/8
  4456 | D:7      | Received a gift from Trog
  4456 | D:7      | Reached skill level 5 in Fighting
  4628 | D:7      | Noticed Joseph
  4643 | D:7      | Killed Joseph
  5509 | D:8      | Noticed a cyclops
  5519 | D:8      | Killed a cyclops
  5519 | D:8      | Reached skill level 5 in Dodging
  5693 | D:8      | Noticed Erica
  5708 | D:8      | Reached XP level 10. HP: 92/100 MP: 9/9
  5712 | D:8      | Killed Erica
  6118 | D:9      | Found an ancient bone altar of Kikubaaqudgha.
  6286 | D:9      | Found a staircase to the Orcish Mines.
  6847 | D:10     | Entered Level 10 of the Dungeon
  7018 | D:10     | Reached ***** piety under Trog
  7081 | D:10     | Noticed a gargoyle
  7118 | D:10     | Reached skill level 12 in Unarmed Combat
  7127 | D:10     | Killed a gargoyle
  7376 | D:10     | Noticed Psyche
  7387 | D:10     | Killed Psyche
  7430 | D:10     | Noticed Fannar
  7437 | D:10     | Killed Fannar
  7489 | D:10     | Reached skill level 13 in Unarmed Combat
  7612 | D:10     | Reached XP level 11. HP: 107/107 MP: 10/10
  7723 | D:10     | Noticed Sonja
  7805 | D:10     | Killed Sonja
  8193 | D:11     | Found a staircase to the Lair.
  8232 | D:11     | Noticed kae's ghost (journeyman DrTm)
  8254 | D:11     | Killed kae's ghost
  8793 | D:11     | Noticed a green ugly thing
  8794 | D:11     | Noticed a cyan ugly thing
  8805 | D:11     | Killed a cyan ugly thing
  8810 | D:11     | Killed a cyan ugly thing
  8810 | D:11     | Reached skill level 14 in Unarmed Combat
  8886 | D:11     | Reached skill level 1 in Armour
  8926 | D:11     | Found Lunaxoi's Antique Weapon Emporium.
  9003 | D:11     | Noticed a six-headed hydra
  9007 | D:11     | Killed a seven-headed hydra
  9393 | D:12     | Noticed a brown ugly thing
  9408 | D:12     | Killed a brown ugly thing
  9614 | D:12     | HP: 4/172 [orc warrior/trident (7)]
  9618 | D:12     | Slain by an orc warrior

Skill      XL: |  1  2  3  4  5  6  7  8  9 10 11 |
---------------+----------------------------------+-----
Unarmed Combat | 4 5 6 8 9 11 13 14 | 14.0
Fighting       | 4 6 9 |  9.2
Dodging        | 5 7 |  7.1
Armour         | 2 |  2.4

Action                   |  1- 3 |  4- 6 |  7- 9 | 10-12 || total
-------------------------+-------+-------+-------+-------++-------
Melee: Unarmed           |   124 |   132 |   322 |   336 ||   914
       Punch             |       |     3 |    17 |    20 ||    40
Throw: Tomahawk          |       |       |       |     4 ||     4
Invok: Berserk           |       |     1 |     3 |     5 ||     9
       Trog's Hand       |       |     1 |     9 |     9 ||    19
       Brothers in Arms  |       |       |     1 |     5 ||     6
Evoke: Wand              |       |       |       |     3 ||     3
  Use: Potion            |       |     4 |     6 |     3 ||    13
       Scroll            |       |    10 |     1 |     6 ||    17
 Stab: Sleeping          |       |     1 |     1 |       ||     2
  Eat: Chunk             |    14 |    23 |    27 |    50 ||   114
Armor: Animal skin       |    43 |    47 |    90 |    36 ||   216
       Robe              |       |       |       |    35 ||    35
Dodge: Dodged            |    71 |    57 |   141 |   197 ||   466
